 Dungeon Crawl Stone Soup version 0.19-a0-1899-g2d93087 (webtiles) character file.

682 junb69 the Skirmisher (level 7, -4/64 HPs)
             Began as a Mottled Draconian Gladiator on Oct 19, 2016.
             Slain by an orc warrior
             ... wielding a +0 dire flail
              (12 damage)
             ... on level 5 of the Dungeon.
             The game lasted 00:10:02 (4637 turns).

junb69 the Skirmisher (Mottled Draconian Gladiator) Turns: 4637, Time: 00:10:02

Health: -4/64      AC:  9    Str: 17    XL:     7   Next: 34%
Magic:  7/7        EV: 13    Int: 10    God:
Gold:   208        SH:  0    Dex: 14    Spells: 0 memorised, 6 levels left

rFire  . . .     SeeInvis .     a - +0 long sword
rCold  . . .     Gourm    .     (armour unavailable)
rNeg   . . .     Faith    .     (no shield)
rPois  .         Spirit   .     t - +1 hat
rElec  .         Reflect  .     v - +0 cloak
rCorr  .         Harm     .     g - +0 pair of gloves
MR     .....                    (no boots)
Stlth  +.........               (no amulet)
                                (no ring)
                                q - +2 ring of intelligence

@: short of breath, starving
A: breathe sticky flame splash, unfitting armour, cold-blooded, AC +6
a: Breathe Sticky Flame


You were on level 5 of the Dungeon.
You were starving.

You visited 1 branch of the dungeon, and saw 5 of its levels.

You collected 208 gold pieces.

Inventory:

Hand Weapons
 a - a +0 long sword (weapon)
Armour
 g - a +0 pair of gloves (worn)
 t - a +1 hat (worn)
 v - a +0 cloak (worn)
Jewellery
 q - a +2 ring of intelligence (left hand)
Scrolls
 c - a scroll of noise {unknown}
 e - 2 scrolls of recharging
 f - 4 scrolls of remove curse
 i - a scroll of enchant weapon {unknown}
 k - 4 scrolls of teleportation
 l - 2 scrolls of magic mapping
 n - a scroll of fear {unknown}
Potions
 b - a potion of heal wounds {unknown}
 j - a potion of cancellation {unknown}
 m - a potion of magic {unknown}
 p - 2 potions of curing
 s - a potion of invisibility
 u - 2 potions of mutation {unknown}
Books
 w - a book of Geomancy

   Spells                             Type                      Level
   a - Sandblast                      Earth                        1
   b - Passwall                       Transmutation/Earth          2
   c - Stone Arrow                    Conjuration/Earth            3
   d - Petrify                        Transmutation/Earth          4
   e - Lee's Rapid Deconstruction     Earth                        5
Comestibles
 d - 5 bread rations
 h - 5 meat rations
 o - a slice of pizza
 r - a fruit


   Skills:
 * Level 6.6 Fighting
 * Level 6.4 Long Blades
 - Level 1.7 Throwing
 - Level 2.6 Dodging


You had 6 spell levels left.
You didn't know any spells.

Dungeon Overview and Level Annotations

Branches:
Dungeon (5/15)
 Temple: D:4-7

Altars:
Cheibriados
Gozag
Hepliaklqana
Okawaru
Trog
Zin

Annotations:
D:3 Capuchin's ghost, amateur MiFi


Innate Abilities, Weirdness & Mutations

You can spit globs of burning liquid.
You can ignite nearby creatures when you spit burning liquid.
Your weird mottled scales are hard. (AC +6)
You cannot fit into any form of body armour.
You are cold-blooded and may be slowed by cold attacks.


Message History

The orc warrior hits you with a dire flail.
* * * LOW HITPOINT WARNING * * *
You hit the orc warrior but do no damage.
Your tail-slap misses the orc warrior.
The orc warrior is almost dead.
The orc warrior hits you with a dire flail!
* * * LOW HITPOINT WARNING * * *
You closely miss the orc warrior.
The orc warrior is almost dead.
The orc warrior barely misses you.
You riposte.
You closely miss the orc warrior.
The orc warrior is almost dead.
You hit the orc warrior but do no damage.
Your tail-slap misses the orc warrior.
The orc warrior is almost dead.
The orc warrior misses you.
You hit the orc warrior but do no damage.
The orc warrior is almost dead.
The orc warrior hits you with a dire flail!
You die...

....# #...# #...# #...#
#...############## #
##...............#
###.####.#############.#
#............# #.....#.#
#.#.####@###.# #.......#
#....#o# #.# #####.###
#..># #.# #....# #.#.#
#.####.#### #.#.#
#......####### # #†#
####.......... #.#
#.######### ..# ####)#
..###..).#


You could see an orc warrior.

Vanquished Creatures
  A phantom (D:5)
  An ogre (D:4)
  2 crimson imps (D:5)
  A hound (D:4)
  An orc priest (D:5)
  Crazy Yiuf (D:4)
  2 iguanas
  3 orc wizards (D:3)
  Robin (D:3)
  3 gnolls
  4 adders
  2 worms
  3 dart slugs
  3 leopard geckos
  19 orcs
  A ball python (D:4)
  3 giant cockroaches
  18 goblins
  15 hobgoblins
  6 jackals
  A quokka (D:2)
  8 bats
  3 frilled lizards
  12 kobolds
  10 rats
124 creatures vanquished.

Notes
Turn   | Place    | Note
-------+----------+-------------------------------------------
     0 | D:1      | junb69 the Draconian Gladiator began the quest for the Orb.
     0 | D:1      | Reached XP level 1. HP: 17/17 MP: 1/1
   203 | D:1      | Reached XP level 2. HP: 21/25 MP: 2/2
   841 | D:2      | Reached XP level 3. HP: 28/31 MP: 3/3
  1245 | D:2      | Reached XP level 4. HP: 39/39 MP: 4/4
  1939 | D:3      | Found a faded altar of an unknown god.
  1973 | D:3      | Reached XP level 5. HP: 25/47 MP: 5/5
  2145 | D:3      | Found an iron altar of Okawaru.
  2292 | D:3      | Noticed Capuchin's ghost (amateur MiFi)
  2477 | D:3      | Reached skill level 5 in Long Blades
  2555 | D:3      | Reached skill level 5 in Fighting
  2592 | D:3      | Noticed Robin
  2618 | D:3      | Killed Robin
  2680 | D:3      | Reached XP level 6. HP: 52/56 MP: 6/6
  3011 | D:3      | Found a bloodstained altar of Trog.
  3632 | D:4      | Found a hazy altar of Hepliaklqana.
  3632 | D:4      | Found an opulent altar of Gozag.
  3633 | D:4      | Found a snail-covered altar of Cheibriados.
  4031 | D:4      | Found a glowing silver altar of Zin.
  4148 | D:4      | Found a runed door.
  4240 | D:4      | Noticed Crazy Yiuf
  4245 | D:4      | Killed Crazy Yiuf
  4282 | D:5      | Entered Level 5 of the Dungeon
  4318 | D:5      | Your scales start taking on a weird mottled colour.
  4318 | D:5      | Reached XP level 7. HP: 58/63 MP: 7/7
  4637 | D:5      | Slain by an orc warrior

Vault maps used:
D:1:      evilmike_arrival_plus, serial_glass, glass_columns_a, glass_columns_a,
          kennysheep_nondescript
D:3:      nicolae_overflow_hidden_temple, ecumenical_altar_2, uniq_robin
D:4:      nicolae_overflow_quartered_altars, uniq_crazy_yiuf_cottage
D:5:      first_bread, st_stairs_1, minivault_27

Skill      XL: |  1  2  3  4  5  6 |
---------------+-------------------+-----
Fighting       | 3 4 5 6 |  6.6
Long Blades    | 4 5 6 |  6.4
Throwing       | |  1.7
Dodging        | |  2.6

Action                   |  1- 3 |  4- 6 |  7- 9 || total
-------------------------+-------+-------+-------++-------
Melee: Long sword        |    90 |   248 |    68 ||   406
       Tailslap          |     9 |    44 |    15 ||    68
Throw: Throwing net      |       |     3 |       ||     3
 Abil: Breathe Sticky Fl |       |       |     1 ||     1
  Use: Scroll            |       |     5 |       ||     5
       Potion            |       |     1 |       ||     1
 Stab: Sleeping          |     1 |     5 |       ||     6
       Held in net/web   |       |     2 |       ||     2
  Eat: Chunk             |     1 |    10 |       ||    11
Armor: Skin              |    28 |    81 |    16 ||   125
Dodge: Dodged            |    69 |   150 |    36 ||   255
       Rpst.: Long sword |    18 |    53 |    14 ||    85
